cohdb
Replays
Latest Replays
All Replays
Popular Replays
Top Player Replays
Match Explorer
How It Works
Community
CoH3 Stats
Reddit
Sign in to upload your games and track your stats! →
Sign in with Steam
Close game featuring 2 new bg - DevM vs FeriG
Match 39843743
Overview
Messages
Build Orders
End
Kradschützen Motorcycle Team
Selects Panzerjäger Kommand Battlegroup
Selects Mine Fields
Panzergrenadier Squad
Panzergrenadier Squad
Panzerpioneer Squad
Panzergrenadier Squad
Construct Light Support Kompanie
Fire Support Elements
le.IG 18 Mechanized Group
Flakvierling Half-track
2.5-tonne Medical Truck
Selects Early Warning
Selects Tank Busters
Vehicle Survival Package
Pak 38 Mechanized Group
Veteran Squad Leaders
Construct Panzerarmee Kommand
Armored Reserves
Panzer IV Assault Group
Tiger Heavy Tank
Emergency Repair Kits
Tungsten Core Ammunition
StuG Assault Group
Selects Butterfly Bomb Drop
Butterfly Bomb Drop
Rapid Advance
Butterfly Bomb Drop
Panzer IV Assault Group
Panzerpioneer Squad
FeriG
Miguel
0
0
Comments
sign in to comment!
No comments posted yet!